 Dungeon Crawl Stone Soup version 0.14-a0-805-gc239e29 (webtiles) character file.

1475 MirrMurr the Nimble (level 8, -1/36 HPs)
             Began as a Felid Berserker on Nov 11, 2013.
             Was a High Priest of Trog.
             Killed from afar by an orc wizard (5 damage)
             ... with a magic dart
             ... on Level 6 of the Dungeon.
             The game lasted 00:26:19 (6656 turns).

MirrMurr the Nimble (Felid Berserker)               Turns: 6656, Time: 00:26:20

HP  -1/36        AC  2     Str 13      XL: 8   Next:  3%
MP  12/12        EV 24     Int  9      God: Trog [*****.]
Gold 447         SH  0     Dex 17      Spells:  0 memorised,  7 levels left
Lives: 0, deaths: 2

Res.Fire  : . . .   See Invis. : +     - Unarmed
Res.Cold  : + . .   Warding    : .   (armour unavailable)
Life Prot.: . . .   Conserve   : .   (shield unavailable)
Res.Poison: +       Res.Corr.  : .   (helmet unavailable)
Res.Elec. : .       Clarity    : .   (cloak unavailable)
Sust.Abil.: . .     Spirit.Shd : .   (gloves unavailable)
Res.Mut.  : .       Stasis     : .   (boots unavailable)
Res.Rott. : .       Flight     : .   (no amulet)
Saprovore : . . .                    s - ring of poison resistance
                                     r - ring of protection from cold

@: regenerating, quick, very resistant to hostile enchantments, very stealthy
A: paw claws, no armour, no advanced items, fangs 3, see invisible, carnivore 3,
speed 1, slow metabolism 1, jump 2, AC +2
a: Jump Attack, Burn Spellbooks, Berserk, Trog's Hand, Brothers in Arms,
Renounce Religion


You were on level 6 of the Dungeon.
You worshipped Trog.
Trog was extremely pleased with you.
You were completely stuffed.

You visited 1 branch of the dungeon, and saw 6 of its levels.
You also visited: Sewer.

You collected 447 gold pieces.

Inventory:

Comestibles
 c - 2 meat rations
 v - a beef jerky
Scrolls
 a - 3 scrolls of amnesia {unknown}
 d - 4 scrolls of curse weapon {unknown}
 e - a scroll of enchant weapon I {unknown}
 f - 3 scrolls of remove curse {unknown}
 g - a scroll of curse armour {unknown}
 h - 2 scrolls of fog
 k - a scroll of enchant armour {unknown}
 n - a scroll of noise {unknown}
 t - a scroll of fear
 w - a scroll of teleportation {unknown}
Jewellery
 r - a ring of protection from cold (left paw)
 s - a ring of poison resistance (right paw)
 u - an uncursed amulet of conservation {unknown}
Potions
 b - a potion of magic
 i - a potion of might
 j - 4 potions of curing
 l - a potion of resistance {unknown}
 m - a potion of berserk rage {unknown}
 o - 3 potions of heal wounds
 q - a potion of flight {unknown}


   Skills:
 + Level 4.7 Fighting
 + Level 8.4 Dodging
 * Level 7.1 Stealth
 * Level 7.5 Unarmed Combat


You had 7 spell levels left.
You didn't know any spells.

Dungeon Overview and Level Annotations

Branches:
Dungeon (6/27)
 Temple: D:4-7          Orc: D:6-11

Altars:
Fedhas
Makhleb
Vehumet
Xom

Shops:
D:5 }

Annotations:
D:2 exclusion: oklob plant


Innate Abilities, Weirdness & Mutations

You cannot wear armour.
You are incapable of any advanced item manipulation.
Your paws have sharp claws.
You have razor-sharp teeth.
You have supernaturally acute eyesight.
You are carnivorous and can eat meat at any time.
You cover ground quickly.
You are covered in thick fur (AC +2).
You have a slow metabolism.
You can jump attack at a medium distance.


Message History

The orc wizard casts a spell at you. The magic dart hits you!
The orc wizard hits you with an orcish dagger.
You scratch the orc wizard.
The orc wizard begins to bleed from its wounds!
The orc wizard is severely wounded.
The orc wizard casts a spell.
The orc wizard blinks!
The orc wizard casts a spell at you. The magic dart hits you!
* * * LOW HITPOINT WARNING * * *
You are too injured to fight recklessly!
You are too injured to fight recklessly!
Use which ability? (? or * to list)
Your skin crawls.
You feel resistant to hostile enchantments.
You feel slightly less full.
The orc wizard points at you and mumbles some strange words.
The magic dart hits you!
You die...

####......##.....
#................$
#.....#o..###....
#.................
#####....####.....
#<...[........ ...
#.......###### #.<.
#.......##### ...##.
#....@#.#...###(.....#
#.....................
##......#...###......#
#####.....B.............
...$........../.).B.....
...##...................
[......_..#.############
####.....#.# #.......#


You could see a goliath beetle and an orc wizard (bleeding).

Vanquished Creatures
  Purgy (Sewer)
  Sigmund (D:4)
  Duvessa (D:4)
  A water moccasin (D:5)
  A gnoll sergeant (D:5)
  Blork the orc (D:4)
  A crimson imp (D:5)
  2 orc priests
  Dowan (D:4)
  2 big fish (D:2)
  An iguana (D:5)
  3 scorpions
  6 gnoll shamans (D:5)
  5 orc wizards
  A crocodile zombie (D:6)
  An ogre skeleton (D:4)
  A worker ant zombie (D:5)
  9 adders
  26 gnolls (D:5)
  3 giant mites (D:4)
  A worm (D:3)
  An iguana skeleton (D:4)
  4 giant geckos
  4 oozes
  15 orcs
  18 bats
  4 giant cockroaches
  10 goblins
  5 hobgoblins
  30 jackals
  4 quokkas
  A ball python (D:1)
  A giant gecko skeleton (D:5)
  6 giant newts
  A goblin skeleton (D:5)
  A hobgoblin skeleton (D:5)
  A hobgoblin zombie (D:5)
  8 kobolds
  An orc skeleton (D:5)
  12 rats
  2 rat skeletons
198 creatures vanquished.

Notes
Turn   | Place    | Note
--------------------------------------------------------------
     0 | D:1      | MirrMurr, the Felid Berserker, began the quest for the Orb.
     0 | D:1      | Reached XP level 1. HP: 10/10 MP: 1/1
   248 | D:1      | Reached XP level 2. HP: 14/14 MP: 2/2
   797 | D:2      | Reached skill level 1 in Stealth
  1013 | D:2      | Reached XP level 3. HP: 16/18 MP: 4/4
  1085 | D:2      | Found a radiant altar of Vehumet.
  1113 | D:2      | Found a blossoming altar of Fedhas.
  1208 | D:2      | Acquired Trog's second power
  1232 | D:2      | Found a blossoming altar of Fedhas.
  1532 | D:2      | Reached XP level 4. HP: 19/21 MP: 6/6
  1792 | D:2      | Reached skill level 5 in Dodging
  1867 | D:2      | Noticed an oklob plant
  1975 | D:3      | Reached XP level 5. HP: 25/25 MP: 7/7
  2353 | D:3      | Found a burning altar of Makhleb.
  3022 | D:4      | Gained mutation: You are covered in thick fur (AC +2). [growing up]
  3022 | D:4      | Gained mutation: You can jump attack at a medium distance. [growing up]
  3022 | D:4      | Reached XP level 6. HP: 28/28 MP: 9/9
  3408 | D:4      | Noticed Blork the orc
  3416 | D:4      | Killed Blork the orc
  3488 | D:4      | Reached skill level 6 in Dodging
  3488 | D:4      | Reached skill level 5 in Unarmed Combat
  3491 | D:4      | Reached skill level 5 in Stealth
  3608 | D:4      | Noticed Duvessa
  3615 | D:4      | Noticed Dowan
  3624 | D:4      | Noticed Sigmund
  3652 | D:4      | Slain by Duvessa
  3653 | D:4      | Reached XP level 5. HP: -1/25 MP: 7/7
  3715 | D:4      | Killed Sigmund
  3715 | D:4      | Reached XP level 6. HP: 22/28 MP: 9/9
  3760 | D:4      | Found a glowing drain.
  3764 | Sewer    | Entered a sewer
  3814 | Sewer    | Noticed Purgy
  3822 | Sewer    | Killed Purgy
  4056 | D:4      | Killed Dowan
  4061 | D:4      | Killed Duvessa
  4303 | D:5      | Entered Level 5 of the Dungeon
  4341 | D:5      | Found Uzahai's Gadget Shoppe.
  4413 | D:5      | Reached XP level 7. HP: 27/32 MP: 11/11
  4647 | D:5      | Reached skill level 7 in Dodging
  4666 | D:5      | Acquired Trog's third power
  4756 | D:5      | Slain by a gnoll
  4757 | D:5      | Reached XP level 6. HP: -3/29 MP: 9/9
  4875 | D:5      | Reached XP level 7. HP: 28/32 MP: 11/11
  6290 | D:5      | Reached skill level 8 in Dodging
  6450 | D:6      | Found a shimmering altar of Xom.
  6471 | D:6      | Reached XP level 8. HP: 30/36 MP: 12/12
  6656 | D:6      | Killed from afar by an orc wizard

Action                   |  1- 3 |  4- 6 |  7- 9 || total
-------------------------+-------+-------+-------++-------
Melee: Unarmed           |   122 |   254 |   301 ||   677
Invok: Berserk           |     1 |     7 |     3 ||    11
       Trog's Hand       |       |     4 |     2 ||     6
       Burn Spellbooks   |       |       |     2 ||     2
 Abil: Jump Attack       |       |       |     2 ||     2
  Use: Scroll            |     2 |     6 |       ||     8
       Potion            |     1 |     1 |       ||     2
 Stab: Sleeping          |     5 |    14 |     7 ||    26
       Distracted        |       |       |     1 ||     1
